 Dungeon Crawl Stone Soup version 0.29.0-5-ge4962eb29e (webtiles) character file.

Game seed: 8611438535281742296

3152 iguanaiguana the Grappler (level 9, 0/89 HPs)
             Began as a Troll Cinder Acolyte on Aug 30, 2022.
             Was a Believer of Jiyva.
             Slain by a fire elemental (14 damage)
             ... created by the fiery vengeance of Ignis
             ... on level 8 of the Dungeon.
             The game lasted 00:18:24 (1926 turns).

iguanaiguana the Grappler (Troll Cinder Acolyte)    Turns: 1926, Time: 00:18:25

Health: 0/89       AC:  5    Str: 25 (28) XL:     9   Next: 62%
Magic:  9/9        EV:  9    Int:  8 (10) God:    Jiyva [**....]
Gold:   225        SH:  0    Dex:  4 (5)  Spells: 10/10 levels left

rFire   . . .      SeeInvis .     - Unarmed
rCold   . . .      Faith    .   (no shield)
rNeg    . . .      Spirit   .   a - +0 robe
rPois   .          Reflect  .   (helmet restricted)
rElec   .          Harm     .   k - +0 cloak
rCorr   +          Rampage  .   (gloves unavailable)
Will    .....                   (boots unavailable)
Stlth   +.........              (no amulet)
HPRegen 2.00/turn               (no ring)
MPRegen 0.41/turn               (no ring)

@: on berserk cooldown, flying, slowed, fire susceptible, very slow
A: large, unfitting armour, claws 3, regeneration 1, shaggy fur 1, tough skin 1
a: Renounce Religion


You were on level 8 of the Dungeon.
You worshipped Jiyva.
Jiyva was pleased with you.
You visited 2 branches of the dungeon, and saw 11 of its levels.
You also visited: Sewer.

You collected 225 gold pieces.

Inventory:

Missiles
 p - 3 silver javelins (quivered)
Armour
 a - a +0 robe (worn)
 k - a +0 cloak (worn)
Jewellery
 m - a ring of fire
Wands
 j - a wand of digging (4) {@v3}
 u - a wand of paralysis (5)
Scrolls
 b - a scroll of brand weapon {unknown}
 c - a scroll of summoning {unknown}
 e - a scroll of fear {unknown}
 g - a scroll of immolation {unknown}
 h - a scroll of butterflies {unknown}
 n - a scroll of magic mapping {unknown}
 o - 2 scrolls of enchant weapon
 t - a scroll of poison {unknown}


   Skills:
 - Level 6.0 Fighting
 + Level 4.0 Throwing
 - Level 11.0 Unarmed Combat
 - Level 1.0 Spellcasting
 - Level 2.1 Fire Magic
 - Level 2.0 Evocations


You had 10 spell levels left.
You didn't know any spells.
Your spell library contained the following spells:

 Spells                   Type           Power      Damage    Failure   Level
 Scorch                   Fire           6%         2d5       24%         2


Dungeon Overview and Level Annotations

Branches:
Dungeon (10/15) Zot: 26684     Orc (1/2) D:10 Zot: 5993   Sewer (visited)
 Temple: D:4-7         Lair: D:8-11

Altars:
Okawaru
Qazlal
The Shining One

Shops:
D:2 *   D:10 (

Annotations:
D:7 Dowan; Zeldest's ghost, novice OpTm


Innate Abilities, Weirdness & Mutations

You are too large for most types of armour.
You have claws for hands.
Your natural rate of healing is unusually fast.
You are covered in fur. (AC +1)
You have tough skin. (AC +1)


Message History

Press: ? - help, Shift-Dir - straight line, f - you
Okay, then.
Okay, then.
Okay, then.
Okay, then.
Okay, then.
Okay, then.
It was a potion of flight.
You feel very buoyant.
You fly up into the air.
You feel much better.
You claw the fire elemental!
The fire elemental is heavily damaged.
The fire elemental hits you. The fire elemental burns you!
The fire elemental hits you. The fire elemental burns you!
You hear a distant slurping noise.
The fire elemental hits you. The fire elemental burns you!
The fire elemental hits you. The fire elemental burns you!
It was a potion of degeneration.
There was something very wrong with that liquid.
You feel weakened.
You feel dopey.
You feel clumsy. The fire elemental hits you. The fire elemental burns you!
* * * LOW HITPOINT WARNING * * *
The fire elemental hits you.
* * * LOW HITPOINT WARNING * * *
The fire elemental burns you!
* * * LOW HITPOINT WARNING * * *
The fire elemental hits you. The fire elemental burns you!
* * * LOW HITPOINT WARNING * * *
You feel much better. The fire elemental hits you.
The fire elemental burns you!
* * * LOW HITPOINT WARNING * * *
The fire elemental hits you. The fire elemental burns you!
* * * LOW HITPOINT WARNING * * *
The fire elemental hits you. The fire elemental burns you!
* * * LOW HITPOINT WARNING * * *
The fire elemental hits you. The fire elemental burns you!
* * * LOW HITPOINT WARNING * * *
You feel better. The fire elemental hits you. The fire elemental burns you!
You die...

#############.....##......J.....
#...........#.....##......##....
#.......†...#.....##......##....
#...........#.....##......##....
#......<....#...................
##...........#...................
.#######.....#...................
.......#.....#####'##########....
.......#........@...# #....
.......######...EE..+ #....
.##.........#.......# #....
.##.........#.......# #....
.#..........#.......#############
.#..........#...............#....
.##....###'##...............#....
###....#......##+###........#....
..#....#......+....#........'....


You could see 2 fire elementals.

Vanquished Creatures
  A hornet (D:8)
  A vampire (D:9)
  Sigmund (D:6)
  5 yaks (D:6)
  The ghost of Buttons840 the Chopper, an amateur HOMo (D:4)
  A fire elemental (D:8)
  A water moccasin (D:7)
  2 ice beasts
  An ogre (D:4)
  4 orc warriors
  2 centaurs
  3 killer bees (D:6)
  6 howler monkeys
  A hound (D:7)
  2 jellies (Sewer)
  4 orc priests
  A water moccasin simulacrum (D:4)
  2 orc wizards
  A bullfrog simulacrum (D:4)
  6 adders
  2 hound simulacra (D:4)
  A white imp (D:4)
  A worm (D:2)
  2 adder simulacra (D:4)
  16 orcs
  11 endoplasms
  8 giant cockroaches
  3 goblins
  4 hobgoblins
  12 jackals
  A quokka (D:4)
  6 ball pythons
  A frilled lizard (Sewer)
  4 kobolds
  3 rats
121 creatures vanquished.

Vanquished Creatures (others)
  A water moccasin (D:5)
  Duvessa (D:7)
  5 jellies
  15 foxfires (D:4)
22 creatures vanquished.

Grand Total: 143 creatures vanquished

Notes
Turn   | Place    | Note
-------+----------+-------------------------------------------
     0 | D:1      | iguanaiguana the Troll Cinder Acolyte began the quest for
                  | the Orb.
     0 | D:1      | Reached XP level 1. HP: 22/22 MP: 1/1
   107 | D:2      | Reached XP level 2. HP: 29/29 MP: 2/2
   114 | D:2      | Reached skill level 4 in Unarmed Combat
   143 | D:2      | Found Hakefokk's Assorted Antiques.
   226 | D:2      | Reached XP level 3. HP: 36/36 MP: 3/3
   336 | D:3      | Found an iron altar of Okawaru.
   375 | D:4      | Noticed an ogre
   394 | D:4      | Killed an ogre
   395 | D:4      | Reached skill level 5 in Unarmed Combat
   395 | D:4      | Reached XP level 4. HP: 20/44 MP: 4/4
   409 | D:4      | Reached XP level 5. HP: 38/50 MP: 5/5
   441 | D:4      | Noticed Buttons840's ghost (amateur HOMo)
   465 | D:4      | Found a runed translucent gate.
   465 | D:4      | Found a runed translucent gate.
   465 | D:4      | Found a runed translucent gate.
   472 | D:4      | Reached skill level 6 in Unarmed Combat
   490 | D:4      | Killed Buttons840's ghost
   491 | D:4      | Reached skill level 7 in Unarmed Combat
   491 | D:4      | Reached XP level 6. HP: 41/59 MP: 6/6
   610 | D:5      | Entered Level 5 of the Dungeon
   613 | D:5      | Found a glowing drain.
   673 | Sewer    | Entered a sewer
   806 | Sewer    | Found a viscous altar of Jiyva.
   827 | Sewer    | Fell from the grace of Ignis
   827 | Sewer    | Became a worshipper of Jiyva Jileikk the Shapeless
   909 | D:5      | Killed a water moccasin
   930 | D:5      | Noticed an ice beast
   946 | D:5      | Killed an ice beast
   947 | D:5      | Reached skill level 8 in Unarmed Combat
   947 | D:5      | Reached XP level 7. HP: 43/66 MP: 7/7
   962 | D:5      | Found a stormy altar of Qazlal.
  1001 | D:6      | Noticed Sigmund
  1006 | D:6      | Killed Sigmund
  1024 | D:6      | Noticed a yak
  1026 | D:6      | Noticed a yak
  1030 | D:6      | Noticed a yak
  1031 | D:6      | Noticed a yak
  1035 | D:6      | Noticed a yak
  1041 | D:6      | Killed a yak
  1042 | D:6      | Reached skill level 9 in Unarmed Combat
  1044 | D:6      | Killed a yak
  1045 | D:6      | Reached XP level 8. HP: 58/74 MP: 8/8
  1049 | D:6      | Reached skill level 10 in Unarmed Combat
  1063 | D:6      | Reached skill level 11 in Unarmed Combat
  1087 | D:7      | Noticed Duvessa
  1087 | D:7      | Noticed Dowan
  1301 | D:8      | Reached * piety under Jiyva
  1393 | D:9      | Reached XP level 9. HP: 51/87 MP: 9/9
  1416 | D:8      | Reached skill level 5 in Fighting
  1547 | D:7      | Noticed a cyclops
  1548 | D:7      | Noticed Zeldest's ghost (novice OpTm)
  1604 | D:7      | Killed Duvessa
  1617 | D:7      | You fall into a shaft and drop 3 floors!
  1617 | D:10     | Entered Level 10 of the Dungeon
  1629 | D:10     | Found a glowing golden altar of the Shining One.
  1687 | D:10     | Reached skill level 1 in Evocations
  1702 | D:10     | Found Ytsaeret's Weapon Boutique.
  1702 | D:10     | Found a staircase to the Orcish Mines.
  1765 | Orc:1    | Entered Level 1 of the Orcish Mines
  1765 | Orc:1    | Reached ** piety under Jiyva
  1773 | D:10     | Reached skill level 1 in Throwing
  1846 | D:9      | Noticed a kobold demonologist
  1848 | D:9      | Noticed an orange demon
  1885 | D:8      | Paralysed by a hornet for 2 turns
  1890 | D:8      | Paralysed by a hornet for 3 turns
  1892 | D:8      | HP: 4/89 [poisoned by a hornet]
  1925 | D:8      | HP: 1/89 [fire elemental[the fiery vengeance of Ignis]
                  | (11)]
  1926 | D:8      | Slain by a fire elemental

Illustrated notes

Levels and vault maps discovered:
D:1:      dpeg_arrival_morbid_curiosity, layout_basic,
          hellmonk_ecumenical_altar_lost_god, grunt_decor_cap
D:2:      layout_loops_corners, serial_shops, shop
D:3:      layout_rooms, nicolae_kikubaaqudgha_miasma_corner, okawaru_gym_becter,
          uniq_jessica
D:4:      layout_loops_ring, general_overflow_altar,
          gammafunk_temple_overflow_wave, minmay_temple_entry_butterflies,
          gammafunk_ghost_icy
D:5:      layout_cave_pools, mainiacjoe_overflow_six_doors_small,
          fedhas_altar_decomposition, cheibrodos_sewer_entry_drain,
          uniq_crazy_yiuf_cottage
D:6:      layout_loops_ring, nicolae_gozag_cash_rules_everything_around_me,
          nicolae_overflow_crystal_walls, uniq_maggie, uniq_grinder,
          uniq_sigmund, uniq_menkaure
D:7:      layout_loops_ring, gammafunk_ghost_arena, uniq_duvessa
D:8:      layout_gridville, uniq_pikel
D:9:      layout_cave_pools
D:10:     layout_irregular_city, lemuel_crystal_altar,
          nemelex_diamond_rough_becter, orc_david_3, serial_glass,
          glass_columns_c, glass_columns_a, uniq_erolcha
Orc:1:    layout_diamond_mine, enter_volcano_3, serial_shops,
          nicolae_square_shop, nicolae_orc_sculptors_studio, uniq_maurice

Skill      XL: |  1  2  3  4  5  6  7  8  9 |
---------------+----------------------------+-----
Unarmed Combat | 4 5 7 8 9 11 | 11.0
Fighting       | 4 6 |  6.0
Evocations     | 2 |  2.0
Throwing       | 4 |  4.0
Spellcasting   | |  1.0
Fire Magic     | |  2.1

Action                   |  1- 3 |  4- 6 |  7- 9 || total
-------------------------+-------+-------+-------++-------
Melee: Unarmed           |    52 |   102 |   155 ||   309
       Punch             |     1 |     1 |     5 ||     7
Throw: Javelin           |       |     2 |     4 ||     6
Invok: Fiery Armour      |     1 |       |       ||     1
       Foxfire Swarm     |       |     1 |       ||     1
  Use: Potion            |       |       |    14 ||    14
       Scroll            |       |       |     5 ||     5
 Stab: Invisible         |       |       |     2 ||     2
Armor: Robe              |    16 |    45 |    70 ||   131
Dodge: Dodged            |    26 |    44 |    91 ||   161
